 Dungeon Crawl Stone Soup version 0.31.0-1-g2c135a0 (webtiles) character file.

Game seed: 11371777357657008939

13 edsrzf the Slasher (level 2, -1/19 HPs)
             Began as an Octopode Reaver on Feb 2, 2024.
             Slain by a gnoll
             ... wielding a +0 spear
              (2 damage)
             ... on level 1 of the Dungeon.
             The game lasted 00:00:30 (338 turns).

edsrzf the Slasher (Octopode Reaver)                 Turns: 338, Time: 00:00:30

Health: -1/19      AC:  1    Str: 11    XL:     2   Next: 37%
Magic:  5/5        EV: 13    Int: 15    God:
Gold:   51         SH:  0    Dex: 10    Spells: 4/5 levels left

rFire   . . .        a - +0 falchion
rCold   . . .        (no shield)
rNeg    . . .        (helmet restricted)
rPois   .            (no amulet)
rElec   .            (no ring)
rCorr   .            (no ring)
SInv    .            (no ring)
Will    .....        (no ring)
Stlth   ++           (no ring)
HPRegen 0.23/turn    (no ring)
MPRegen 0.09/turn    (no ring)
                     (no ring)

%: no passive effects
@: no status effects
A: almost no armour, amphibious, 8 rings, camouflage 1, gelatinous body 1,
(nimble swimmer 1), tentacles
a: no special abilities


You were on level 1 of the Dungeon.
You visited 1 branch of the dungeon, and saw 1 of its levels.

You collected 51 gold pieces.

Inventory:

Hand Weapons
 a - a +0 falchion (weapon)
Missiles
 g - 4 datura-tipped darts
Jewellery
 e - an amulet of guardian spirit
Scrolls
 c - a scroll of enchant weapon {unknown}
 d - a scroll of vulnerability {unknown}
 f - a scroll of brand weapon {unknown}
Potions
 b - 2 potions of degeneration {unknown}


   Skills:
 - Level 2.0 Fighting
 + Level 3.7 Long Blades
 - Level 2.0 Dodging
 - Level 2.0 Spellcasting
 - Level 3.0 Conjurations


You had 4 spell levels left.
You knew the following spells:

 Your Spells              Type           Power      Damage    Failure   Level
a - Kiss of Death         Conj/Necr      24%        2d7       12%         1

Your spell library contained the following spells:

 Spells                   Type           Power      Damage    Failure   Level
 Momentum Strike          Conj/Tloc      12%        3d8       19%         2
 Hailstorm                Conj/Ice       6%         3d5       34%         3


Dungeon Overview and Level Annotations

Branches:
Dungeon (1/15)

Altars:


Innate Abilities, Weirdness & Mutations

You cannot wear most types of armour.
You are amphibious.
You can wear up to eight rings at the same time.
Your skin changes colour to match your surroundings (Stealth+).
Your rubbery body absorbs attacks. (AC +1, EV +1)
((You are camouflaged when in or above water. (Stealth+)))
You have tentacles for arms and can constrict up to eight enemies at once.


Message History

a +0 dagger; a quokka corpse You slash the endoplasm!
You kill the endoplasm!
You open the door.
There is an open door here.
Found a flux talisman.
You open the door.
Found a dagger.
There is an open door here.
You open the door.
There is an open door here.
A rat comes into view.
The rat squeaks loudly.
You closely miss the rat. Your grab misses the rat.
Your squeeze misses the rat. The rat barely misses you.
You slash the rat!
You kill the rat!
You see here a rat corpse.
A giant cockroach comes into view.
Found a large emerald amulet.
Found 13 gold pieces.
You see here a scroll labelled RAUZOU SONOKHY.
d - a scroll labelled RAUZOU SONOKHY The giant cockroach barely misses you.
You barely miss the giant cockroach. Your grab misses the giant cockroach.
The giant cockroach bites you.
You hit the giant cockroach. Your grab misses the giant cockroach.
The giant cockroach is heavily wounded.
The giant cockroach bites you.
You closely miss the giant cockroach. You grab the giant cockroach.
The giant cockroach is heavily wounded.
You constrict the giant cockroach, but do no damage.
The giant cockroach bites you. x2
You hit the giant cockroach.
You kill the giant cockroach!
You have reached level 2!
Unknown command.
HP restored.
Found a robe.
e - an amulet of guardian spirit You now have 30 gold pieces (gained 13).
You open the door.
There is an open door here.
You open the door.
Found a stone staircase leading down.
There is an open door here.
You open the door.
A dart slug comes into view.
Found a whip.
There is an open door here.
The helpless dart slug fails to defend itself.
You hit the dart slug. You grab the dart slug. You squeeze the dart slug.
You kill the dart slug!
You see here a dart slug corpse.
There is an open door here.
You open the door.
There is an open door here.
Found 5 stones.
You open the door.
There is an open door here.
A hobgoblin comes into view.
The helpless hobgoblin fails to defend itself.
You hit the hobgoblin but do no damage. You grab the hobgoblin.
You squeeze the hobgoblin.
You kill the hobgoblin!
You see here a hobgoblin corpse.
Found 6 stones.
You open the door.
There is an open door here.
Found a pair of boots.
A ball python comes into view.
Found 5 gold pieces.
The helpless ball python fails to defend itself.
You hit the ball python. You grab the ball python.
You squeeze the ball python, but do no damage.
The ball python is severely wounded.
You constrict the ball python.
You kill the ball python!
You now have 35 gold pieces (gained 5).
You open the door.
Found a stone staircase leading down.
You open the door.
There is an open door here.
Found a club.
You now have 51 gold pieces (gained 16).
f - a scroll labelled ZURPHA HACIJAI
g - 4 datura-tipped darts You open the door.
A gnoll comes into view. It is wielding a +0 spear.
The gnoll shouts!
The gnoll hits you with a +0 spear.
You hit the gnoll. Your grab misses the gnoll.
The gnoll is moderately wounded.
The gnoll hits you with a +0 spear!
You hit the gnoll. You grab the gnoll. Your squeeze misses the gnoll.
The gnoll is severely wounded.
You constrict the gnoll. The gnoll hits you with a +0 spear!
* * * LOW HITPOINT WARNING * * *
The gnoll hits you with a +0 spear.
You die...

#..##........# ##+##.#####'##
#..##........# #..##+#####.#
#..##........# ##'##........#
#..##........# #........)...#
#..##........###............+
#..##........##.............####
.............##.####...........#
###'#+#)#....#..#####+######.#.#
....#.#.#.......@...# .# #
#####.#.#........g..# .#
.#....'.#...........# ..
#####.#.............#
....#.#...##.########
....#+#.#+#..## <>..#..........
....#+#....>... ....+.#........


You could see a gnoll.

Vanquished Creatures
  A dart slug (D:1)
  A ball python (D:1)
  2 endoplasms (D:1)
  A giant cockroach (D:1)
  A goblin (D:1)
  A hobgoblin (D:1)
  A quokka (D:1)
  A rat (D:1)
9 creatures vanquished.

Notes
Turn   | Place    | Note
-------+----------+-------------------------------------------
     0 | D:1      | edsrzf the Octopode Reaver began the quest for the Orb.
     0 | D:1      | Reached XP level 1. HP: 14/14 MP: 3/3
   118 | D:1      | Reached XP level 2. HP: 11/19 MP: 5/5
   338 | D:1      | Slain by a gnoll

Illustrated notes

Levels and vault maps discovered:
D:1:      shiori_arrival_maze, layout_basic

Action                     || total
---------------------------++-------
  Melee: Falchion          ||    15
         Constrict         ||     5
         Tentacles         ||     3
   Stab: Sleeping          ||     4
 Armour: Skin              ||     9
  Dodge: Dodged            ||     2
